 Dungeon Crawl Stone Soup version 0.18.1-48-g4cf74bf (webtiles) character file.

21368 Kisielow the Carver (level 12, -11/95 HPs)
             Began as a Minotaur Fighter on Aug 6, 2016.
             Was a High Priest of Okawaru.
             Mangled by a komodo dragon (25 damage)
             ... on level 4 of the Lair of Beasts on Aug 7, 2016.
             The game lasted 00:35:15 (12810 turns).

Kisielow the Carver (Minotaur Fighter)             Turns: 12810, Time: 00:35:16

Health: -11/95     AC: 17    Str: 23    XL:     12   Next: 53%
Magic:  18/18      EV:  3    Int:  7    God:    Okawaru [*****.]
Gold:   555        SH: 13    Dex: 11    Spells: 0 memorised, 11 levels left

rFire  + + .     SeeInvis .     O - +7 scimitar (flame)
rCold  + . .     Gourm    .     b - +0 plate armour
rNeg   . . .     Faith    .     c - +1 shield
rPois  .         Spirit   .     (helmet restricted)
rElec  .         Dismiss  .     J - +0 cloak of Ru's Envy {rF+}
rCorr  .         Reflect  .     (no gloves)
SustAt .         Harm     .     (no boots)
MR     +....                    P - amulet of regeneration
Stlth  ..........               (no ring)
                                k - ring of ice

@: lethally poisoned (-11 -> -12), very slightly contaminated, hasted,
constricted, very quick, somewhat resistant to hostile enchantments, extremely
unstealthy
A: retaliatory headbutt, horns 2, molten scales 1, clever 1, fire resistance 2,
frail 1, magic resistance 1, slow regeneration 1, weak 1, evolution 1
a: Heroism, Finesse, Renounce Religion


You were on level 4 of the Lair of Beasts.
You worshipped Okawaru.
Okawaru was extremely pleased with you.
You were not hungry.

You visited 3 branches of the dungeon, and saw 14 of its levels.
You also visited: Ossuary.

You collected 802 gold pieces.
You spent 247 gold pieces at shops.

Inventory:

Hand Weapons
 O - a +7 scimitar of flaming (weapon)
Armour
 b - a +0 plate armour (worn)
 c - a +1 shield (worn)
 J - the +0 cloak of Ru's Envy (worn) {rF+}
   (You bought it in a shop on level 4 of the Dungeon)

   It protects you from fire.
Rods
 t - a +0 rod of ignition (11/11)
   (You found it on level 3 of the Lair of Beasts)
Jewellery
 k - a ring of ice (left hand)
 P - an amulet of regeneration (around neck)
Wands
 e - a wand of lightning (11/15)
 m - a wand of polymorph (15/24)
 R - a wand of iceblast (5/15)
Scrolls
 h - 2 scrolls of enchant armour
 i - 6 scrolls of teleportation
 l - 2 scrolls of fear
 p - a scroll of silence {unknown}
 s - a scroll of identify
 v - a scroll of magic mapping
 B - 4 scrolls of remove curse
 H - a scroll of blinking
Potions
 d - 6 potions of might
 n - 2 potions of invisibility
 r - 7 potions of curing
 u - 2 potions of agility
 x - a potion of berserk rage
 z - a potion of haste
 C - a potion of cancellation
 F - 3 potions of flight
 I - a potion of resistance
Comestibles
 a - 6 chunks of flesh
 f - 14 bread rations
 g - 2 meat rations
 j - 4 slices of pizza
 o - 11 fruits
 A - 2 royal jellies


   Skills:
 - Level 10.1 Fighting
 - Level 11.8 Long Blades
 - Level 10.3 Armour
 - Level 10.6 Shields
 + Level 7.2 Invocations
 + Level 9.4 Evocations


You had 11 spell levels left.
You didn't know any spells.

Dungeon Overview and Level Annotations

Branches:
Dungeon (9/15)             Temple (1/1) D:4            Lair (4/8) D:9
  Swamp: Lair:3-6    Shoals: Lair:3-6     Snake: Lair:3-6    Spider: Lair:3-6
    Orc: D:9-12

Altars:
Ashenzari
Cheibriados
Dithmenos
Elyvilon
Fedhas
Gozag
Kikubaaqudgha
Makhleb
Nemelex Xobeh
Okawaru
Pakellas
Qazlal
Ru
Sif Muna
Trog
Vehumet
Xom
Yredelemnul
Zin
The Shining One

Shops:
D:4 [   D:8 *


Innate Abilities, Weirdness & Mutations

You reflexively headbutt those who attack you in melee.
You have a pair of horns on your head.
You are partially covered in molten scales (AC +1).
Your mind is acute. (Int +2)
Your flesh is very heat resistant.
You are frail (-10% HP).
You are resistant to hostile enchantments.
You regenerate slowly when monsters are visible.
You are weak. (Str -2)
You evolve.


Message History

You headbutt the hippogriff, but do no damage.
The hippogriff closely misses you.
The hippogriff claws you but does no damage.
The komodo dragon bites you!
* * * LOW HITPOINT WARNING * * *
You closely miss the naga. You hit the naga. You burn the naga.
The naga is lightly wounded.
The hippogriff bites you but does no damage.
You block the hippogriff's attack. x2; The komodo dragon barely misses you.
You slash the naga! You burn the naga.
The naga is heavily wounded.
You block the naga's attack. The naga grabs you. The naga constricts you.
Unknown command.
You hit the naga but do no damage.
The naga is heavily wounded.
You block the hippogriff's attack. x2
The hippogriff claws you but does no damage.
The komodo dragon bites you!!
You die...

.l.. #.......... ....
#..........#
#...###..........#
#................# ...
#..........#.#.. #..
###.....##.⌠.## ##>#
#...........#
#..#######..HN#⌠.>..+
#.##....#...@lr....#
#####............##.⌠.#...
#..#.......#...### ####
.......#####..## ###...##
#...# # ###(# ##.## #.#†##
#.. ####÷..# #..# ..##P.##
#...


You could see a komodo dragon, a hippogriff, a naga and a porcupine.

Vanquished Creatures
  A hydra (Lair:1)
  Erica (D:8)
  4 death yaks (Lair:4)
  The ghost of tape the Martial Artist, a novice OpTm (D:8)
  Joseph (D:8)
  A black mamba (Lair:3)
  5 spiny frogs
  2 rime drakes
  3 komodo dragons
  The ghost of MartinW the Shield-Bearer, an amateur MiFi (Ossuary)
  5 polar bears (Lair:2)
  4 blink frogs (Lair:4)
  A spriggan (D:8)
  2 humans (D:9)
  2 basilisks
  A wyvern (D:9)
  15 yaks
  2 hungry ghosts (D:9)
  A hippogriff (Lair:4)
  A naga (Lair:4)
  7 porcupines
  Duvessa (D:5)
  10 water moccasins
  4 sky beasts
  2 ice beasts
  2 black bears
  A wasp (D:8)
  6 ogres
  2 phantoms
  6 wolves (Lair:2)
  5 centaurs
  7 crocodiles
  2 big kobolds
  The ghost of sheala the Magician, an amateur DEWz (D:5)
  4 giant frogs
  Dowan (D:5)
  3 water moccasin zombies (Ossuary)
  A scorpion (D:9)
  5 killer bees (D:7)
  5 wights (D:8)
  An electric eel (Lair:3)
  3 howler monkeys
  4 crimson imps
  2 centaur skeletons (D:8)
  2 gnoll shamans
  6 orc priests
  10 hounds
  7 iguanas
  5 orc wizards
  Natasha (thrice) (D:4)
  7 worker ants
  A killer bee zombie (D:8)
  A big kobold zombie (Ossuary)
  4 hound skeletons
  2 mummies (Ossuary)
  4 gnolls
  42 river rats
  14 adders
  2 shadow imps
  An ooze (D:4)
  An adder skeleton (D:5)
  6 adder zombies
  4 worms
  3 dart slugs
  A giant gecko (D:2)
  25 orcs
  3 ball pythons
  4 bats
  A giant cockroach (D:6)
  A gnoll zombie (Ossuary)
  6 goblins
  4 hobgoblins
  16 jackals
  14 kobolds
  9 quokkas
  8 giant newts
  7 hobgoblin zombies (Ossuary)
  5 kobold zombies (Ossuary)
  8 orc zombies (Ossuary)
  7 rats
  A butterfly (D:7)
384 creatures vanquished.

Vanquished Creatures (others)
  2 fungi
  3 plants
5 creatures vanquished.

Grand Total: 389 creatures vanquished

Notes
Turn   | Place    | Note
--------------------------------------------------------------
     0 | D:1      | Kisielow the Minotaur Fighter began the quest for the Orb.
     0 | D:1      | Reached XP level 1. HP: 19/19 MP: 0/0
    86 | D:1      | Reached skill level 3 in Long Blades
   231 | D:1      | Reached XP level 2. HP: 23/26 MP: 1/1
   668 | D:2      | Reached skill level 4 in Long Blades
   800 | D:2      | Reached XP level 3. HP: 25/31 MP: 2/2
  1131 | D:3      | Reached skill level 5 in Long Blades
  1265 | D:3      | Reached XP level 4. HP: 40/40 MP: 3/3
  1815 | D:4      | Noticed an ogre
  1826 | D:4      | Killed an ogre
  1826 | D:4      | Reached XP level 5. HP: 40/47 MP: 4/4
  1852 | D:4      | Reached skill level 6 in Long Blades
  1860 | D:4      | Found Vumax's Antique Armour Shop.
  1861 | D:4      | Noticed an ogre
  1869 | D:4      | Killed an ogre
  1869 | D:4      | Reached XP level 6. HP: 38/53 MP: 5/5
  1901 | D:4      | Found a staircase to the Ecumenical Temple.
  1916 | Temple   | Entered the Ecumenical Temple
  2076 | D:4      | Found a sand-covered staircase.
  2120 | Ossuary  | Entered an ossuary
  2201 | Ossuary  | Reached skill level 5 in Fighting
  2230 | Ossuary  | Noticed MartinW's ghost (amateur MiFi)
  2251 | Ossuary  | Killed MartinW's ghost
  2251 | Ossuary  | Reached skill level 7 in Long Blades
  2251 | Ossuary  | Reached skill level 5 in Armour
  2251 | Ossuary  | Reached skill level 5 in Shields
  2251 | Ossuary  | Reached XP level 7. HP: 30/61 MP: 6/6
  2677 | D:4      | Reached skill level 8 in Long Blades
  2713 | D:4      | Noticed a rust devil
  2714 | D:4      | Noticed Natasha
  2722 | D:4      | Killed Natasha
  2986 | D:4      | Noticed an angel
  3002 | D:4      | Noticed Natasha
  3006 | D:4      | Killed Natasha
  3006 | D:4      | Reached XP level 8. HP: 55/70 MP: 7/7
  3281 | D:4      | Noticed Natasha
  3290 | D:4      | Killed Natasha
  3588 | D:5      | Entered Level 5 of the Dungeon
  3817 | D:5      | Gained mutation: You are partially covered in molten scales (AC +1). [mutagenic meat]
  3818 | D:5      | Gained mutation: You regenerate slowly when monsters are visible. [mutagenic meat]
  3819 | D:5      | Gained mutation: Your mind is acute. (Int +2) [mutagenic meat]
  3820 | D:5      | Gained mutation: Your flesh is heat resistant. [mutagenic meat]
  4117 | D:5      | Noticed Duvessa
  4117 | D:5      | Noticed Dowan
  4136 | D:5      | Killed Duvessa
  4136 | D:5      | Reached skill level 9 in Long Blades
  4147 | D:5      | Killed Dowan
  4220 | D:5      | Noticed sheala's ghost (amateur DEWz)
  4236 | D:5      | Killed sheala's ghost
  4642 | D:6      | Gained mutation: Your magical capacity is low (-10% MP). [mutagenic meat]
  4643 | D:6      | Gained mutation: You evolve. [mutagenic meat]
  4644 | D:6      | Gained mutation: You are resistant to hostile enchantments. [mutagenic meat]
  4645 | D:6      | Lost mutation: Your magical capacity is low (-10% MP). [mutagenic meat]
  4804 | D:6      | Reached XP level 9. HP: 58/79 MP: 8/8
  5437 | D:6      | Found an ancient bone altar of Kikubaaqudgha.
  5893 | D:4      | Bought a dazzling cloak for 247 gold pieces
  5898 | D:4      | Identified the +0 cloak of Ru's Envy {rF+} (You bought it in a shop on level 4 of the Dungeon)
  5982 | D:7      | Found a shimmering altar of Xom.
  6302 | D:7      | Reached skill level 10 in Long Blades
  6800 | D:7      | Found a white marble altar of Elyvilon.
  6990 | D:8      | Gained mutation: Your flesh is very heat resistant. [mutagenic meat]
  6991 | D:8      | Gained mutation: You are frail (-10% HP). [mutagenic meat]
  7144 | D:8      | Noticed Joseph
  7154 | D:8      | Killed Joseph
  7154 | D:8      | Reached XP level 10. HP: 18/81 MP: 9/9
  7397 | D:8      | Noticed tape's ghost (novice OpTm)
  7465 | D:8      | Killed tape's ghost
  7851 | D:8      | Reached skill level 11 in Long Blades
  7882 | D:8      | Found a snail-covered altar of Cheibriados.
  8024 | D:8      | Found an oddly glowing altar of Pakellas.
  8162 | D:8      | Noticed Erica
  8182 | D:8      | Killed Erica
  8731 | D:8      | Found Mompirag's Demolitions Depot.
  9045 | D:9      | Reached skill level 10 in Shields
  9119 | D:9      | Reached skill level 10 in Armour
  9127 | D:9      | Reached skill level 10 in Fighting
  9147 | D:9      | Reached XP level 11. HP: 30/89 MP: 10/10
  9161 | D:9      | Found a staircase to the Lair.
  9613 | D:9      | Found a radiant altar of Vehumet.
  9613 | D:9      | Found a sacrificial altar of Ru.
  9631 | D:9      | Gained mutation: You are weak. (Str -2) [evolution]
  9741 | D:9      | Found an iron altar of Okawaru.
  9747 | D:9      | Reached skill level 1 in Evocations
  9769 | D:9      | Became a worshipper of Warmaster Okawaru
  9941 | D:9      | Reached skill level 1 in Invocations
 10005 | Lair:1   | Entered Level 1 of the Lair of Beasts
 10005 | Lair:1   | Noticed a six-headed hydra
 10012 | Lair:1   | Killed a three-headed hydra
 10012 | Lair:1   | Reached * piety under Okawaru
 10425 | Lair:1   | Reached ** piety under Okawaru
 11065 | Lair:2   | Reached skill level 5 in Invocations
 11067 | Lair:2   | Reached skill level 5 in Evocations
 11070 | Lair:2   | Reached *** piety under Okawaru
 11323 | Lair:2   | Reached **** piety under Okawaru
 11491 | Lair:2   | Reached XP level 12. HP: 90/95 MP: 14/16
 12563 | Lair:4   | Reached ***** piety under Okawaru
 12598 | Lair:4   | Noticed a death yak
 12599 | Lair:4   | Noticed a death yak
 12599 | Lair:4   | Noticed a death yak
 12628 | Lair:4   | Noticed a death yak
 12629 | Lair:4   | Killed a death yak
 12629 | Lair:4   | Received a gift from Okawaru
 12638 | Lair:4   | Killed a death yak
 12647 | Lair:4   | Killed a death yak
 12654 | Lair:4   | Killed a death yak
 12810 | Lair:4   | Mangled by a komodo dragon

Skill      XL: |  1  2  3  4  5  6  7  8  9 10 11 12 |
---------------+-------------------------------------+-----
Long Blades    | 3 4 5 6 7 8 9 10 11 | 11.8
Fighting       | 4 5 7 8 10 | 10.1
Armour         | 4 5 7 8 10 | 10.3
Shields        | 4 5 7 8 10 | 10.6
Evocations     | 6 9 |  9.4
Invocations    | 6 7 |  7.2

Action                   |  1- 3 |  4- 6 |  7- 9 | 10-12 || total
-------------------------+-------+-------+-------+-------++-------
Melee: Long sword        |   119 |   125 |   499 |   163 ||   906
       Headbutt          |    13 |    26 |    94 |   109 ||   242
       Scimitar          |       |       |       |   481 ||   481
Invok: Heroism           |       |       |       |     1 ||     1
       Finesse           |       |       |       |     1 ||     1
  Use: Scroll            |       |    15 |     7 |     8 ||    30
       Potion            |       |     1 |       |     4 ||     5
  Eat: Chunk             |     1 |     3 |    27 |    17 ||    48
       Beef jerky        |       |       |     1 |     1 ||     2
       Fruit             |       |       |       |     1 ||     1
Armor: Scale mail        |    49 |    37 |    79 |       ||   165
       Chain mail        |       |       |   101 |   130 ||   231
       Plate armour      |       |       |       |    48 ||    48
Dodge: Dodged            |    38 |    23 |   104 |   102 ||   267
Block: Shield            |    66 |    60 |   255 |   318 ||   699
